PIO (24 & UNDER)
EAU CLAIRE ESQUIRES @ SASKATOON SMOKIN' GUNS
08/08/2023
 
TOP OF THE 1ST
Eau Claire Esquires batting - Pitching for Saskatoon Smokin' Guns : RHP Luis Trujillo
Pitching: RHP Luis Trujillo
Batting: RHB Eric Fuller 0-0: Ball
1-0: Ball
2-0: Called Strike
2-1: Ball
3-1: SOLO HOME RUN (Flyball, 8LXD) (Inside the Park)
Batting: LHB Edwin Ryan 0-0: Called Strike
0-1: Called Strike
0-2: Foul Ball, location: 2F
0-2: Ball
1-2: Foul Ball, location: 2F
1-2: Strikes out swinging
Batting: RHB Roberto García 0-0: Ball
1-0: Ground out U3 (Groundball, 3)
Batting: LHB Michael Cook 0-0: Called Strike
0-1: Ground out 3-1 (Groundball, 3)
Top of the 1st over - 1 run(s), 1 hit(s), 0 error(s), 0 left on base; Eau Claire 1 - Saskatoon 0
BOTTOM OF THE 1ST
Saskatoon Smokin' Guns batting - Pitching for Eau Claire Esquires : RHP Nick Parks
Pitching: RHP Nick Parks
Batting: LHB Andrew Veeck 0-0: Swinging Strike
0-1: DOUBLE (Line Drive, 7LM)
Batting: LHB Russell Peck 0-0: Ball
1-0: Ball
2-0: Called Strike
2-1: Ground out 6-3 (Groundball, 6M)
Andrew Veeck to third
Batting: RHB Pedro Núñez 0-0: Called Strike
0-1: Called Strike
0-2: Fly out, F8 (Flyball, 8RD)
Runner from 3rd tags up, SCORES, no throw
Batting: RHB António Yánez 0-0: Called Strike
0-1: Ball
1-1: SINGLE (Line Drive, 9LM)
Batting: RHB Eric Neal 0-0: Ball
1-0: Called Strike
António Yánez steals 2nd base
1-1: Ball
2-1: Fly out, F4 (Line Drive, 4)
Bottom of the 1st over - 1 run(s), 2 hit(s), 0 error(s), 1 left on base; Eau Claire 1 - Saskatoon 1
TOP OF THE 2ND
Eau Claire Esquires batting - Pitching for Saskatoon Smokin' Guns : RHP Luis Trujillo
Batting: RHB Norm Francis 0-0: Ball
1-0: Fly out, F6 (Popup, 6M)
Batting: RHB Dave Parker 0-0: Called Strike
0-1: Called Strike
0-2: Ball
1-2: Strikes out swinging
Batting: RHB José Ruíz 0-0: Ball
1-0: DOUBLE (Groundball, 5D)
Batting: RHB Ronald Parsons 0-0: Called Strike
0-1: Foul Ball, location: 2F
0-2: Ball
1-2: Ball
2-2: Strikes out swinging
Top of the 2nd over - 0 run(s), 1 hit(s), 0 error(s), 1 left on base; Eau Claire 1 - Saskatoon 1
BOTTOM OF THE 2ND
Saskatoon Smokin' Guns batting - Pitching for Eau Claire Esquires : RHP Nick Parks
Batting: LHB Raúl Casillán 0-0: Ball
1-0: Called Strike
1-1: Ball
2-1: Ball
3-1: Fly out, F9 (Flyball, 89S)
Batting: RHB Tom Rowe 0-0: Foul Ball, location: 2F
0-1: Ball
1-1: Called Strike
1-2: Ball
2-2: Ball
3-2: Base on Balls
Batting: RHB Paul Swift 0-0: Ball
1-0: Ball
2-0: Called Strike
2-1: Fly out, F3 (Popup, 3SF)
Batting: LHB Bo Rush 0-0: Fly out, F8 (Flyball, 8RM)
Bottom of the 2nd over - 0 run(s), 0 hit(s), 0 error(s), 1 left on base; Eau Claire 1 - Saskatoon 1
TOP OF THE 3RD
Eau Claire Esquires batting - Pitching for Saskatoon Smokin' Guns : RHP Luis Trujillo
Batting: LHB Manny Salazar 0-0: Called Strike
0-1: Ball
1-1: Foul Ball, location: 2F
1-2: Strikes out swinging
Batting: RHB Eric Fuller 0-0: Ground out 4-3 (Groundball, 4)
Batting: LHB Edwin Ryan 0-0: Ball
1-0: SINGLE (Groundball, 34D)
Batting: RHB Roberto García 0-0: Foul Ball, location: 2F
0-1: Swinging Strike
0-2: Strikes out swinging
Top of the 3rd over - 0 run(s), 1 hit(s), 0 error(s), 1 left on base; Eau Claire 1 - Saskatoon 1
BOTTOM OF THE 3RD
Saskatoon Smokin' Guns batting - Pitching for Eau Claire Esquires : RHP Nick Parks
Batting: LHB Andrew Veeck 0-0: Ball
1-0: Called Strike
1-1: Foul Ball, location: 2F
1-2: Ball
2-2: Foul Ball, location: 2F
2-2: Strikes out swinging
Batting: LHB Russell Peck 0-0: Called Strike
0-1: Swinging Strike
0-2: Ball
1-2: Strikes out looking
Batting: RHB Pedro Núñez 0-0: Ball
1-0: Foul Ball, location: 2F
1-1: Ball
2-1: Foul Ball, location: 2F
2-2: Strikes out swinging
Bottom of the 3rd over - 0 run(s), 0 hit(s), 0 error(s), 0 left on base; Eau Claire 1 - Saskatoon 1
TOP OF THE 4TH
Eau Claire Esquires batting - Pitching for Saskatoon Smokin' Guns : RHP Luis Trujillo
Batting: LHB Michael Cook 0-0: Called Strike
0-1: Ball
1-1: Ball
2-1: Called Strike
2-2: Strikes out swinging
Batting: RHB Norm Francis 0-0: Called Strike
0-1: Ball
1-1: Ball
2-1: Foul Ball, location: 2F
2-2: Strikes out swinging
Batting: RHB Dave Parker 0-0: Fly out, F8 (Flyball, 8RD)
Top of the 4th over - 0 run(s), 0 hit(s), 0 error(s), 0 left on base; Eau Claire 1 - Saskatoon 1
BOTTOM OF THE 4TH
Saskatoon Smokin' Guns batting - Pitching for Eau Claire Esquires : RHP Nick Parks
Batting: RHB António Yánez 0-0: Swinging Strike
0-1: Swinging Strike
0-2: Strikes out swinging
Batting: RHB Eric Neal 0-0: Ball
1-0: SINGLE (Groundball, 56D)
Batting: LHB Raúl Casillán 0-0: Ball
1-0: Ball
2-0: Foul Ball, location: 2F
2-1: Grounds into double play, 4-6-3 (Groundball, 4)
Bottom of the 4th over - 0 run(s), 1 hit(s), 0 error(s), 0 left on base; Eau Claire 1 - Saskatoon 1
TOP OF THE 5TH
Eau Claire Esquires batting - Pitching for Saskatoon Smokin' Guns : RHP Luis Trujillo
Batting: RHB José Ruíz 0-0: Ball
1-0: Called Strike
1-1: Swinging Strike
1-2: Foul Ball, location: 2F
1-2: Strikes out swinging
Batting: RHB Ronald Parsons 0-0: Foul Ball, location: 2F
0-1: Ball
1-1: Ball
2-1: Ground out 4-3 (Groundball, 4)
Batting: LHB Manny Salazar 0-0: Ball
1-0: Foul Ball, location: 2F
1-1: Foul Ball, location: 2F
1-2: Ball
2-2: Strikes out swinging
Top of the 5th over - 0 run(s), 0 hit(s), 0 error(s), 0 left on base; Eau Claire 1 - Saskatoon 1
BOTTOM OF THE 5TH
Saskatoon Smokin' Guns batting - Pitching for Eau Claire Esquires : RHP Nick Parks
Batting: RHB Tom Rowe 0-0: Ball
1-0: Ball
2-0: Ball
3-0: Called Strike
3-1: Swinging Strike
3-2: Foul Ball, location: 2F
3-2: Foul Ball, location: 2F
3-2: Base on Balls
Batting: RHB Paul Swift 0-0: Called Strike
0-1: Ball
1-1: Ball
2-1: Foul Ball, location: 2F
2-2: Ball
3-2: Hit by Pitch
Tom Rowe to second
Batting: LHB Bo Rush 0-0: Called Strike
0-1: Ball
Wild Pitch!
Tom Rowe to third
Paul Swift to second
1-1: SINGLE (Line Drive, 34D)
Tom Rowe scores
Paul Swift to third
Batting: LHB Andrew Veeck 0-0: Ball
1-0: Ball
2-0: Called Strike
2-1: Fly out, F8 (Flyball, 8LXD)
Runner from 3rd tags up, SCORES, no throw
Batting: LHB Russell Peck 0-0: Ball
1-0: Ball
2-0: Swinging Strike
2-1: Reached on error, E6 (Groundball, 6)
Bo Rush to second
Batting: RHB Pedro Núñez 0-0: Ball
1-0: Ball
2-0: Called Strike
2-1: Foul Ball, location: 2F
Reached via error on a dropped throw, E6
Bo Rush to third
Russell Peck to second
Pitching: RHP Francisco Anaya
Batting: RHB António Yánez 0-0: Ball
1-0: Swinging Strike
1-1: Called Strike
1-2: Strikes out swinging
Batting: RHB Eric Neal 0-0: Foul Ball, location: 2F
0-1: DOUBLE (Flyball, 78XD)
Bo Rush scores
Russell Peck scores
Pedro Núñez to third
Runner from 3rd tries for Home, SAFE, no throw or cutoff
Batting: LHB Raúl Casillán 0-0: Ball
1-0: Ball
2-0: Called Strike
2-1: DOUBLE (Line Drive, 9LM)
Eric Neal scores
Batting: RHB Tom Rowe 0-0: Called Strike
0-1: Ball
1-1: Called Strike
1-2: Fly out, F4 (Line Drive, 34)
Bottom of the 5th over - 6 run(s), 3 hit(s), 2 error(s), 1 left on base; Eau Claire 1 - Saskatoon 7
TOP OF THE 6TH
Eau Claire Esquires batting - Pitching for Saskatoon Smokin' Guns : RHP Luis Trujillo
Batting: RHB Eric Fuller 0-0: Ball
1-0: Foul Ball, location: 2F
1-1: Ball
2-1: Ball
3-1: Foul Ball, location: 2F
3-2: Strikes out looking
Batting: LHB Edwin Ryan 0-0: Called Strike
0-1: Swinging Strike
0-2: Strikes out swinging
Batting: RHB Roberto García 0-0: Ball
1-0: Called Strike
1-1: Ball
2-1: Ground out 5-3 (Groundball, 5)
Top of the 6th over - 0 run(s), 0 hit(s), 0 error(s), 0 left on base; Eau Claire 1 - Saskatoon 7
BOTTOM OF THE 6TH
Saskatoon Smokin' Guns batting - Pitching for Eau Claire Esquires : RHP Francisco Anaya
Batting: RHB Paul Swift 0-0: Called Strike
0-1: Ball
1-1: Ball
2-1: SINGLE (Groundball, 34S)
Batting: LHB Bo Rush 0-0: Ball
1-0: Ball
2-0: Ball
3-0: Base on Balls
Paul Swift to second
Batting: LHB Andrew Veeck 0-0: Called Strike
0-1: Fielders Choice at 2nd, 3-6 (Groundball, 34)
Paul Swift to third
Batting: LHB Russell Peck 0-0: SINGLE (Groundball, 4MD)
Paul Swift scores
Andrew Veeck to second
Batting: RHB Pedro Núñez 0-0: Called Strike
0-1: Ball
1-1: Ball
2-1: Ball
3-1: Called Strike
3-2: Foul Ball, location: 2F
3-2: Strikes out looking
Batting: RHB António Yánez 0-0: Fielders Choice at 2nd, 5-4 (Groundball, 56)
Bottom of the 6th over - 1 run(s), 2 hit(s), 0 error(s), 1 left on base; Eau Claire 1 - Saskatoon 8
TOP OF THE 7TH
Eau Claire Esquires batting - Pitching for Saskatoon Smokin' Guns : RHP Luis Trujillo
Batting: LHB Michael Cook 0-0: Called Strike
0-1: Ball
1-1: Ball
2-1: Foul Ball, location: 2F
2-2: Ball
3-2: Foul Ball, location: 2F
3-2: SINGLE (Line Drive, 8RS)
Batting: RHB Norm Francis 0-0: Ball
1-0: Foul Ball, location: 2F
1-1: Foul Ball, location: 2F
1-2: Foul Ball, location: 2F
1-2: Fly out, F6 (Popup, 6M)
Pitching: RHP Daniel Casey
Batting: RHB Dave Parker 0-0: Called Strike
Michael Cook steals 2nd base
0-1: Called Strike
0-2: Strikes out swinging
Batting: RHB José Ruíz 0-0: Ball
1-0: Swinging Strike
1-1: Called Strike
1-2: Ball
2-2: Ground out 4-3 (Groundball, 34)
Top of the 7th over - 0 run(s), 1 hit(s), 0 error(s), 1 left on base; Eau Claire 1 - Saskatoon 8
BOTTOM OF THE 7TH
Saskatoon Smokin' Guns batting - Pitching for Eau Claire Esquires : RHP Francisco Anaya
Batting: RHB Eric Neal 0-0: Called Strike
0-1: Ball
1-1: Ball
2-1: Swinging Strike
2-2: Ball
3-2: Strikes out swinging
Pitching: RHP Albert Fisher
Batting: LHB Raúl Casillán 0-0: DOUBLE (Flyball, 78XD)
Batting: RHB Tom Rowe 0-0: Swinging Strike
0-1: Ball
1-1: Ball
2-1: Foul Ball, location: 2F
2-2: Foul Ball, location: 2F
2-2: Ball
3-2: Strikes out looking
Batting: RHB Paul Swift 0-0: Ball
1-0: Called Strike
1-1: Fly out, F7 (Line Drive, 7M)
Bottom of the 7th over - 0 run(s), 1 hit(s), 0 error(s), 1 left on base; Eau Claire 1 - Saskatoon 8
TOP OF THE 8TH
Eau Claire Esquires batting - Pitching for Saskatoon Smokin' Guns : RHP Daniel Casey
Now at SS: Jason O'Toole
Now in LF: César Rodríguez
Batting: RHB Ronald Parsons 0-0: Called Strike
0-1: SOLO HOME RUN (Flyball, 7D), Distance : 416 ft
Batting: LHB Manny Salazar 0-0: Foul Ball, location: 2F
0-1: Ball
1-1: Swinging Strike
1-2: Strikes out swinging
Batting: RHB Eric Fuller 0-0: Ball
1-0: Ball
2-0: SINGLE (Groundball, 56)
Batting: LHB Edwin Ryan 0-0: Ball
1-0: Called Strike
1-1: Foul Ball, location: 2F
1-2: Strikes out looking
Batting: RHB Roberto García 0-0: DOUBLE (Groundball, 5L)
Eric Fuller to third
Runner from 3rd tries for Home, SAFE, no throw or cutoff
Batting: LHB Michael Cook 0-0: Fly out, F3 (Line Drive, 3SF)
Top of the 8th over - 2 run(s), 3 hit(s), 0 error(s), 1 left on base; Eau Claire 3 - Saskatoon 8
BOTTOM OF THE 8TH
Saskatoon Smokin' Guns batting - Pitching for Eau Claire Esquires : RHP Albert Fisher
Batting: LHB Bo Rush 0-0: Reached on error, E4 (Groundball, 4)
Batting: LHB Andrew Veeck 0-0: Foul Ball, location: 2F
0-1: Ball
1-1: Fly out, F7 (Line Drive, 7M)
Batting: LHB Russell Peck 0-0: Ball
1-0: DOUBLE (Flyball, 7LM)
Bo Rush scores
Batting: RHB Pedro Núñez 0-0: Called Strike
0-1: Ball
1-1: Ball
2-1: SINGLE (Groundball, 34D)
Russell Peck to third
Runner from 3rd tries for Home, SAFE, throw made home
Pedro Núñez to second
Batting: RHB António Yánez 0-0: Swinging Strike
0-1: Foul Ball, location: 2F
0-2: Ball
1-2: Ball
2-2: Strikes out looking
Batting: RHB Eric Neal 0-0: Ball
1-0: Called Strike
1-1: Reached on error, E6 (Groundball, 6M)
Pedro Núñez to third
Batting: RHB César Rodríguez
Pinch Hitting: RHB Gary Spencer 0-0: Foul Ball, location: 2F
0-1: Called Strike
0-2: Strikes out swinging
Bottom of the 8th over - 2 run(s), 2 hit(s), 2 error(s), 2 left on base; Eau Claire 3 - Saskatoon 10
TOP OF THE 9TH
Eau Claire Esquires batting - Pitching for Saskatoon Smokin' Guns : RHP Daniel Casey
Now in LF: Chris Richards
Now in CF: Xavier López
Batting: RHB Norm Francis 0-0: Ball
1-0: Ball
2-0: Foul Ball, location: 2F
2-1: Ball
3-1: Called Strike
3-2: Foul Ball, location: 2F
3-2: Base on Balls
Batting: RHB Dave Parker 0-0: Ball
1-0: Fly out, F7 (Flyball, 7M)
Batting: RHB José Ruíz 0-0: Ball
1-0: Fly out, F7 (Flyball, 78D)
Batting: RHB Ronald Parsons 0-0: Fly out, F9 (Flyball, 9M)
Top of the 9th over - 0 run(s), 0 hit(s), 0 error(s), 1 left on base; Eau Claire 3 - Saskatoon 10
This league is powered by Out of the Park Baseball, the baseball management simulation game for PC, Mac and Linux
Wednesday, December 2nd, 2015 - OOTP Baseball 16.8 Build 38